 Dungeon Crawl Stone Soup version 0.27.0-1-g7a089689b8 (webtiles) character file.

Game seed: 4196160946580456727

25 gimp the Magician (level 2, -3/23 HPs)
             Began as a Mummy Warper on Aug 10, 2021.
             Slain by Sigmund (11 damage)
             ... on level 2 of the Dungeon.
             The game lasted 00:01:57 (1402 turns).

gimp the Magician (Mummy Warper)                    Turns: 1402, Time: 00:01:57

Health: -3/23      AC:  4    Str: 14    XL:     2   Next: 86%
Magic:  5/5        EV: 11    Int: 12    God:
Gold:   18         SH:  0    Dex: 11    Spells: 6/6 levels left

rFire    x . .     SeeInvis .   a - +0 spear
rCold    + . .     Faith    .   (no shield)
rNeg     + + +     Spirit   .   j - +0 leather armour {Will+}
rPois    ∞         Reflect  .   (no helmet)
rElec    .         Harm     .   (no cloak)
rCorr    .         Rampage  .   (no gloves)
Will     +....                  i - +0 pair of boots
Stlth    +.........             (no amulet)
HPRegen  0.07/turn              (no ring)
MPRegen  0.09/turn              (no ring)

@: no status effects
A: cold resistance 1, negative energy resistance 3, torment resistance 2, heat
vulnerability 1, no potions
a: no special abilities


You were on level 2 of the Dungeon.
You visited 1 branch of the dungeon, and saw 2 of its levels.

You collected 18 gold pieces.

Inventory:

Hand Weapons
 a - a +0 spear (weapon)
Missiles
 d - 5 boomerangs of dispersal (quivered)
 f - 53 stones
 g - 19 sling bullets
Armour
 b - a +0 leather armour
 i - a +0 pair of boots (worn)
 j - a +0 leather armour of willpower (worn)
Scrolls
 c - a scroll of blinking
 h - a scroll of teleportation {unknown}


   Skills:
 + Level 2.5 Fighting
 * Level 2.5 Polearms
 - Level 0.7 Throwing
 - Level 0.7 Armour
 - Level 1.5 Dodging
 - Level 2.6 Spellcasting
 - Level 2.4 Translocations


You had 6 spell levels left.
You didn't know any spells.
Your spell library contained the following spells:

 Spells                   Type           Power      Damage    Failure   Level
 Blink                    Tloc           N/A        N/A       19%         2
 Gell's Gravitas          Tloc           3%         N/A       34%         3
 Lesser Beckoning         Tloc           3%         N/A       34%         3
 Teleport Other           Tloc           7%         N/A       34%         3
 Confusing Touch          Hex            1%         N/A       67%         3
 Tukima's Dance           Hex            1%         N/A       67%         3
 Manifold Assault         Tloc           7%         N/A       97%         5
 Yara's Violent Unravell  Hex/Tmut       0%         3d3       100%        5
 Starburst                Conj/Fire      0%         8x6d3     100%        6


Dungeon Overview and Level Annotations

Branches:
Dungeon (2/15)

Altars:

Shops:
D:1 !

Annotations:
D:2 Sigmund


Innate Abilities, Weirdness & Mutations

You are immune to poison.
Your flesh is cold resistant. (rC+)
You are immune to negative energy. (rN+++)
You are immune to unholy pain and torment.
You are vulnerable to heat. (rF-)
You do not drink.


Message History

You hit the dart slug but do no damage. You hit the dart slug.
The dart slug is lightly wounded.
The dart slug misses you.
You hit the dart slug.
The dart slug is severely wounded.
The dart slug barely misses you.
You hit the dart slug.
You kill the dart slug!
No target in view!
A rat and a kobold come into view.
Found a green potion.
There are monsters nearby!
There are monsters nearby!
You reach to attack!
You hit the rat.
The rat is severely wounded.
You hit the rat.
You kill the rat!
No target in view!
The kobold shouts!
You hear an angry hiss.
Sigmund the Dreaded comes into view.
He is wielding a +1 vorpal scythe.
You see here a rat corpse.
You hit the kobold.
You kill the kobold!
An adder comes into view.
Sigmund closely misses you.
You see here a rat corpse.
Sigmund gestures at you while chanting.
You are confused.
You're too confused to move!
Sigmund says, "Look into my eyes."
Sigmund casts a spell at you. You resist with almost no effort.
Sigmund casts a spell at you. The puff of flame hits you!
The fire burns you terribly!
Ouch! That really hurt!
You take 15 damage, and have 8/23 hp.
MASSIVE DAMAGE!!
You feel less confused.
Sigmund hits you from afar with a +1 vorpal scythe!
You die...

#. S. . .# .#
#####.##.#
#........##.
####.##........
#.......!......
#.##..#........
# #@.#.)####
#..@.....#
##.#..##.#
#.#..# #
.......
##(.##... ...#
..... ##.#
..... ....


You could see Sigmund.

Vanquished Creatures
  A dart slug (D:2)
  3 endoplasms
  4 hobgoblins (D:1)
  3 kobolds
  A quokka (D:1)
  A ball python (D:1)
  3 bats (D:1)
  A frilled lizard (D:1)
  7 rats
24 creatures vanquished.

Vanquished Creatures (others)
  2 plants (D:1)
2 creatures vanquished.

Grand Total: 26 creatures vanquished

Notes
Turn   | Place    | Note
-------+----------+-------------------------------------------
     0 | D:1      | gimp the Mummy Warper began the quest for the Orb.
     0 | D:1      | Reached XP level 1. HP: 16/16 MP: 4/4
   414 | D:1      | Got the Volume of Enchanting Ignition
   461 | D:1      | Reached XP level 2. HP: 22/22 MP: 5/5
   596 | D:1      | Found Curphurgho's Distillery.
  1183 | D:1      | Found a faded altar of an unknown god.
  1391 | D:2      | Noticed Sigmund
  1402 | D:2      | Slain by Sigmund

Illustrated notes

Levels and vault maps discovered:
D:1:      dpeg_cavernosity, layout_basic,
          dreamdust_ecumenical_altar_hidden_monk_grotto, serial_shops,
          nicolae_shop_behind_doors, solitary_fountain, minivault_11,
          serial_bayou_lagoon_a, minmay_misc_feat_tower
D:2:      layout_loops_cross, minmay_between, uniq_sigmund

Skill      XL: |  1 |
---------------+----+-----
Polearms       | 2 |  2.5
Fighting       | |  2.5
Throwing       | |  0.7
Armour         | |  0.7
Dodging        | |  1.5
Spellcasting   | |  2.6
Translocations | |  2.4

Action                   || total
-------------------------++-------
Melee: Spear             ||    81
Armor: Ring mail         ||    20
       Leather armour    ||     6
Dodge: Dodged            ||    29
